 Dungeon Crawl Stone Soup version 0.29-a0-577-gafbf2c5d25 (webtiles) character file.

Game seed: 211996721782951647

443 xian the Bolt Thrower (level 7, -12/41 HPs)
             Began as a Tengu Hunter on June 14, 2022.
             Mangled by a bog mummy (16 damage)
             ... in an ossuary.
             The game lasted 00:09:41 (3165 turns).

xian the Bolt Thrower (Tengu Hunter)                Turns: 3165, Time: 00:09:42

Health: -12/41     AC:  3    Str: 14    XL:     7   Next: 2%
Magic:  0/8        EV: 15    Int: 15    God:
Gold:   135        SH:  0    Dex: 17    Spells: 6/6 levels left

rFire   . . .      SeeInvis .   a - +1 hand crossbow
rCold   . . .      Faith    .   (no shield)
rNeg    . . .      Spirit   +   b - +0 leather armour
rPois   .          Reflect  .   (helmet restricted)
rElec   .          Harm     .   (no cloak)
rCorr   .          Rampage  .   (no gloves)
Will    .....                   (boots unavailable)
Stlth   ++........              e - amulet of guardian spirit
HPRegen 0.13/turn               i - +6 ring of intelligence
MPRegen 0.11/turn               (no ring)

@: weak-willed, on berserk cooldown, flying quickly and evasively, slowed, very
slow
A: beak, talons 3, nimble flight
a: no special abilities


You were in an ossuary.
You visited 1 branch of the dungeon, and saw 4 of its levels.
You also visited: Ossuary.

You collected 135 gold pieces.

Inventory:

Hand Weapons
 a - a +1 hand crossbow (weapon)
 n - a +2 dagger of chaos
Missiles
 h - 2 throwing nets
Armour
 b - a +0 leather armour (worn)
Jewellery
 e - an amulet of guardian spirit (around neck)
 i - a +6 ring of intelligence (left hand)
Wands
 o - a wand of charming (4)
Scrolls
 c - a scroll of immolation
 k - a scroll of fear
Potions
 d - a potion of resistance
 f - a potion of magic
 l - a potion of attraction
 m - a potion of mutation


   Skills:
 + Level 3.0 Fighting
 + Level 7.5 Crossbows
 + Level 0.1 Throwing
 + Level 2.6 Armour
 + Level 3.1 Dodging
 + Level 1.5 Stealth


You had 6 spell levels left.
You didn't know any spells.
Your spell library contained the following spells:

 Spells                   Type           Power      Damage    Failure   Level
 Magic Dart               Conj           0%         1d3       32%         1
 Searing Ray              Conj           0%         2d4       45%         2
 Fulminant Prism          Conj/Hex       0%         3d6       97%         4


Dungeon Overview and Level Annotations

Branches:
Dungeon (4/15)            Ossuary (1/1)
 Temple: D:4-7

Altars:
Makhleb
Xom

Shops:
D:2 (


Innate Abilities, Weirdness & Mutations

You have a beak for a mouth.
You have claws for feet.
Your magical nature lets you fly swiftly and evasively.


Message History

Press: ? - help, Q - select action, (/) - cycle Shift-Dir - straight line, f/p - bog mummy
Aim: a bog mummy (lightly damaged, 79% to hit)
You shoot a bolt. The bolt hits the bog mummy!
The bog mummy is heavily damaged.
The bog mummy casts a spell at you. You resist with some effort.
Shoot: a) +1 hand crossbow
Press: ? - help, Q - select action, (/) - cycle Shift-Dir - straight line, f/p - bog mummy
Aim: a bog mummy (heavily damaged, 79% to hit)
You shoot a bolt. The bolt hits the mummy!
The mummy is heavily damaged.
The mummy hits you!
* * * LOW HITPOINT WARNING * * *
The bog mummy casts a spell at you.
You feel as though you will be slow longer.
You feel better. The mummy hits you!
* * * LOW HITPOINT WARNING * * *
Really quaff the potion of attraction?
Okay, then.
Okay, then.
You can't see any enemies this would affect, really read the scroll of fear?
Okay, then.
Unknown command.
As you read the scroll labelled PAVVEA FUXZI, it crumbles to dust.
Magic quickly surges around you.
It was a scroll of vulnerability.
The bog mummy misses you. The bog mummy casts a spell at you.
You resist with significant effort. The mummy closely misses you.
Okay, then.
Aiming: Charm
Press: ? - help, Shift-Dir - straight line, f - mummy, p - bog mummy
Aim: a mummy (moderately damaged, weak-willed, chance to affect: 57%)
The mummy resists with significant effort.
The bog mummy barely misses you. The bog mummy closely misses you.
The mummy closely misses you.
Aiming: Charm
Press: ? - help, Shift-Dir - straight line, f/p - mummy
Aim: a mummy (moderately damaged, weak-willed, chance to affect: 57%)
The mummy is charmed.
The bog mummy misses you. The bog mummy hits you!
You die...

#.+ +.###
#≈≈.### #≈#≈≈≈
≈≈..≈
#####≈≈###
#∩M.#≈≈.≈#≈#
#@M.'≈≈##≈≈#
#.M.#≈≈.≈#
#####≈≈#≈≈#
.M.M..≈≈..≈≈#
#≈#≈#+#.≈#≈≈≈#
≈.###≈≈≈# ≈≈≈
#≈## #≈## #≈#
## ##


You could see 2 bog mummies and a friendly mummy (charmed, weak-willed).

Vanquished Creatures
  An ice beast (D:3)
  A phantom (D:4)
  A crimson imp (D:3)
  2 mummies (Ossuary)
  A killer bee zombie (Ossuary)
  5 adders
  6 gnolls
  3 worms (D:2)
  A dart slug (D:3)
  2 orcs
  3 ball pythons
  3 endoplasms
  2 giant cockroaches
  5 hobgoblins
  3 quokkas (D:3)
  4 bats
  7 frilled lizards
  4 goblins
  6 kobolds
  7 rats
67 creatures vanquished.

Vanquished Creatures (others)
  3 plants (D:1)
  4 withered plants (Ossuary)
7 creatures vanquished.

Grand Total: 74 creatures vanquished

Notes
Turn   | Place    | Note
-------+----------+-------------------------------------------
     0 | D:1      | xian the Tengu Hunter began the quest for the Orb.
     0 | D:1      | Reached XP level 1. HP: 12/12 MP: 2/2
    73 | D:1      | Reached XP level 2. HP: 5/17 MP: 3/3
   406 | D:1      | Reached skill level 5 in Crossbows
   451 | D:1      | Reached XP level 3. HP: 21/21 MP: 4/4
  1034 | D:2      | Reached skill level 1 in Armour
  1159 | D:2      | Found Afed Uvan's Antique Weapon Boutique.
  1172 | D:2      | Reached XP level 4. HP: 26/26 MP: 5/5
  1865 | D:3      | Reached skill level 6 in Crossbows
  1974 | D:3      | Gained mutation: Your magical nature lets you fly swiftly
                  | and evasively. [Tengu growth]
  1974 | D:3      | Reached XP level 5. HP: 31/31 MP: 6/6
  2077 | D:3      | Found a burning altar of Makhleb.
  2077 | D:3      | Found a shimmering altar of Xom.
  2516 | D:4      | Noticed an ice beast
  2543 | D:3      | Killed an ice beast
  2544 | D:3      | Reached XP level 6. HP: 11/36 MP: 1/7
  2900 | D:4      | Reached skill level 7 in Crossbows
  3119 | D:4      | Found a sand-covered staircase.
  3127 | Ossuary  | Entered an ossuary
  3147 | Ossuary  | Reached XP level 7. HP: 22/41 MP: 4/8
  3165 | Ossuary  | Mangled by a bog mummy

Illustrated notes

Levels and vault maps discovered:
D:1:      nzn_arrival_crosshair, layout_loops_ring,
          hangedman_decor_diamond_cutter, nicolae_grassy_gnolls
D:2:      layout_loops_ring, serial_shops, shop_statue
D:3:      layout_basic, grunt_temple_overflow_champion_of_chaos,
          grunt_ministairs_10
D:4:      layout_basic, enter_ossuary_1, nicolae_figureground_pulse,
          uniq_blork_the_orc
Ossuary:  ossuary_zaba_flooded

Skill      XL: |  1  2  3  4  5  6 |
---------------+-------------------+-----
Crossbows      | 5 6 7 |  7.5
Armour         | 1 2 |  2.6
Dodging        | 3 |  3.1
Fighting       | 3 |  3.0
Throwing       | |  0.1
Stealth        | |  1.5

Action                   |  1- 3 |  4- 6 |  7- 9 || total
-------------------------+-------+-------+-------++-------
Melee: Dagger            |       |    10 |     2 ||    12
       Kick              |       |     2 |     2 ||     4
       Peck              |       |     1 |     1 ||     2
 Fire: Hand crossbow     |    73 |   129 |     3 ||   205
Throw: Throwing net      |       |     2 |       ||     2
Evoke: Wand              |       |       |     2 ||     2
  Use: Scroll            |     4 |     6 |     1 ||    11
       Potion            |       |     2 |     1 ||     3
Armor: Leather armour    |     4 |     8 |       ||    12
Dodge: Dodged            |    12 |    69 |     8 ||    89

Table legend: (Time is in decaauts)
 A = Elapsed time spent in this place.
 B = Non-inter-level travel time spent in this place.
 C = Inter-level travel time spent in this place.
 D = Time resting spent in this place.
 E = Time spent auto-exploring this place.
 F = Levels seen in this place.
 G = Mean time per level.
                   A        B        C        D        E       F      G
               +--------+--------+--------+--------+--------+-----+--------+
         Total |   3153 |   3097 |     56 |     35 |   2280 |   5 |  630.6 |
       Dungeon |   3114 |   3058 |     56 |     35 |   2280 |   4 |  778.5 |
       Ossuary |     39 |     39 |      0 |      0 |      0 |   1 |   39.0 |
               +--------+--------+--------+--------+--------+-----+--------+

Top non-repeatable levels by time:
     D:3: 1168 daAuts
     D:1: 959 daAuts
     D:2: 649 daAuts
     D:4: 336 daAuts
 Ossuary: 39 daAuts
